 Dungeon Crawl Stone Soup version 0.01-2115-ge649c80b0b (webtiles) character file.

Game seed: 14443406321728373148, levelgen mode: deterministic

21597 Lanoc the Lasher (level 12, -2/95 HPs) Lignifite Demonspawn. Began on June 5, 2020. Was a High Priest of Fedhas. Shot with a bolt by a vault guard (6 damage) ... on level 7 of the Dungeon. The game lasted 00:27:31 (8529 turns).

Lanoc the Lasher (Lignifite Demonspawn)             Turns: 8529, Time: 00:27:32

Health: -2/95      AC: 15    Str: 21    XL:     12 ^: 7179
Magic:  21/21      EV: 19    Int: 14    God:    Fedhas [*****. (123)]
Gold:   389        SH:  5    Dex: 11    Spells: 14/15 levels left

rFire    x . .     Vision   .   o - +0 whip (elec)
rCold    . . .     Gourm    .   p - +2 whip (freeze)
rNeg     . . .     Faith    .   y - +0 steam dragon scales
rPois    +         Spirit   .   (helmet unavailable)
rElec    .         Reflect  .   (no cloak)
rCorr    .         Harm     .   (gloves unavailable)
MR       +....                  (boots unavailable)
Stlth    +++.......             e - amulet of magic regeneration
HPRegen  0.41/turn              l - ring of stealth
MPRegen  0.56/turn              (no ring)

@: sanguine armour, quick
A: small, rF-, horns 3, deformed body, speed 1, poison resistance, slow
metabolism 1, thorny 1, torment resistance, plant, rot immunity, sanguine armour
3
a: Fungal Bloom, Sunlight, Evolution, Growth, Reproduction, Rain, Renounce
Religion


You were on level 7 of the Dungeon.
You worshipped Fedhas.
Fedhas was extremely pleased with you.
You were hungry.

You visited 2 branches of the dungeon, and saw 8 of its levels.

You collected 389 gold pieces.

Inventory:

Weapons
 o - a +0 whip of electrocution (weapon)
 p - a +2 whip of freezing (weapon)
Armour
 y - +0 steam dragon scales (worn)
Jewellery
 e - an amulet of magic regeneration (around neck)
 l - a ring of stealth (left hand)
Wands
 a - a wand of polymorph (2)
 b - a wand of acid (1)
 r - a wand of clouds (12)
 t - a wand of healing (5)
 u - a wand of iceblast (2)
Scrolls
 c - 5 scrolls of magic mapping
 f - 3 scrolls of fear
 h - a scroll of fog
 i - 7 scrolls of teleportation
 k - 2 scrolls of immolation
 v - a scroll of enchantment
 z - a scroll of blinking
Potions
 g - 2 potions of invisibility
 j - 2 potions of curing
 m - 3 potions of heal wounds
 n - 2 potions of resistance
 q - 2 potions of magic
 s - a potion of cancellation
 w - 5 potions of mutation
 x - a potion of ambrosia
Comestibles
 d - 13 rations


   Skills:
 + Level 9.2 Fighting
 * Level 13.4 Whips & Flails
 + Level 3.1 Armour
 + Level 8.7 Dodging
 - Level 1.7 Stealth
 - Level 2.1 Spellcasting
 + Level 10.9 Invocations


You had 14 spell levels left.
You knew the following spells:

 Your Spells              Type           Power        Failure   Level  Hunger
a - Flame Tongue          Fire           1 (40)       24%         1    #......

Your spell library contained the following spells:

 Spells                   Type           Power        Failure   Level  Hunger
 Blink                    Tloc           N/A          34%         2    ###....
 Call Imp                 Summ           1 (100)      34%         2    ###....
 Slow                     Hex            1 (100)      34%         2    ###....
 Conjure Flame            Fire           1 (100)      56%         3    ###....
 Mephitic Cloud           Pois/Air       1 (100)      56%         3    ###....


Dungeon Overview and Level Annotations

Branches:
Dungeon (7/8)              Temple (1/1) D:4            Lair (0/6) D:5
    Orc (0/2) D:6
 Vaults: D:7

Altars:
Ashenzari
Cheibriados
Dithmenos
Fedhas
Hepliaklqana
Kikubaaqudgha
Makhleb
Nemelex Xobeh
Qazlal
Trog
Vehumet
Xom
Yredelemnul
The Shining One

Shops:
D:2 [   D:4 %}   D:6 [

Annotations:
D:3 3 runed translucent doors
D:7 3 runed translucent doors


Innate Abilities, Weirdness & Mutations

Your woody flesh burns easily. (rF-)
A tangle of shorter branches protects your body from attack. (+5 SH)
You are small and have problems with some larger weapons.
You have a pair of large horns on your head.
Armour fits poorly on your strangely shaped body.
You cover ground quickly.
Your system is resistant to poisons. (rPois)
You have a slow metabolism.
You are partially covered in thorns.
You are immune to unholy pain and torment.
You require very little carbon dioxide to survive.
You are immune to rotting.
When seriously injured, your rosin creates very thick armour. (AC +12)


Message History

* * * LOW HITPOINT WARNING * * *
You hit the vault guard but do no damage.
Lightning courses through the vault guard (5).
The vault guard is lightly wounded. (73/78) HP You hit the vault guard but do no damage.
The vault guard is lightly wounded. (73/78) HP You hit the vault guard but do no damage.
Lightning courses through the vault guard (2).
The vault guard is lightly wounded. (71/78) HP You hit the vault guard (2).
You freeze the vault guard (1).
You headbutt the vault guard, but do no damage.
The vault guard is lightly wounded. (68/78) HP The vault guard hits you with a +3 great mace of protection (20)!!
* * * LOW HITPOINT WARNING * * *
Fedhas appreciates ongoing decay.
The vault guard unwields a +3 great mace of protection.
The vault guard wields a +0 arbalest.
The vault guard shoots a bolt.
The bolt pierces through you (6).
You die...
Fedhas appreciates your contribution to the ecosystem.

.......................##
...........#..†.........##
.........................#
......#####.................
....###...###..)f...........
...##.......###.)...........
...#...###....##.p###.......
...#..## ##....#.## #......
...#..# ##...#@# ......
...##.# #...+)## ##....#
....#... #...+..###....#
....#.Y. ##...+.........#
...##.. #....#.........##
...#Y.. ##....#..........###.
.).#Y.5###....##..............
...##........##...............
....#......###.)....>)<.......


You could see a vault guard and a friendly wandering mushroom.

Vanquished Creatures
  Harold (D:4)
  A vault guard (D:7)
  3 hydras (D:6)
  3 two-headed ogres
  3 unseen horrors
  Urug (D:5)
  2 wandering mushrooms (D:6)
  An ugly thing (D:6)
  Pikel (D:5)
  A manticore (D:7)
  A gargoyle (D:7)
  A komodo dragon (D:7)
  6 trolls
  Psyche (D:4)
  2 guardian mummies (D:6)
  3 cyclopes
  4 hippogriffs
  2 wolf spider zombies
  A spriggan (D:6)
  A steam dragon (D:6)
  3 war dogs (D:4)
  2 wyverns
  5 yaks
  Grum (D:4)
  Eustachio (D:3)
  A basilisk (D:6)
  A hungry ghost (D:5)
  A soldier ant (D:6)
  A phantom (D:4)
  2 porcupines (D:5)
  2 water moccasins (D:6)
  3 sky beasts
  An ice beast (D:6)
  5 orc warriors
  An eye of draining (D:6)
  3 ogres
  2 big kobolds
  5 bullfrogs
  2 meliai zombies (D:6)
  2 centaurs
  A howler monkey (D:3)
  3 killer bees
  5 hounds
  7 jellies
  5 mummies (D:6)
  2 iguanas
  3 orc wizards
  10 worker ants
  A wyvern zombie (D:6)
  3 bullfrog skeletons
  11 bullfrog zombies
  5 gnolls
  A porcupine skeleton (D:3)
  9 adders
  41 sewer rats (D:2)
  6 cinder newts
  2 worms
  2 oozes (D:2)
  3 dart slugs (D:1)
  7 leopard geckos
  16 orcs
  2 adder skeletons (D:2)
  An adder zombie (D:5)
  4 giant cockroaches
  4 goblins (D:1)
  3 hobgoblins (D:1)
  4 jackals (D:3)
  10 kobolds
  A quokka (D:5)
  5 ball pythons
  12 bats
  A bat skeleton (D:2)
  A hobgoblin skeleton (D:2)
  2 rats (D:1)
276 creatures vanquished.

Vanquished Creatures (collateral kills)
  A hydra (D:7)
  A vault guard (D:7)
  A tengu warrior (D:7)
  A troll (D:7)
  A slime creature (D:7)
  A shadow (D:6)
  2 yaks (D:5)
  2 killer bees (D:5)
  2 wights (D:6)
  A jelly (D:6)
  A wyvern skeleton (D:5)
  3 bullfrog zombies (D:6)
17 creatures vanquished.

Vanquished Creatures (others)
  3 wandering mushrooms
  2 slaves (D:5)
  A black bear (D:5)
  A bullfrog zombie (D:6)
  An orc (D:5)
  An adder zombie (D:5)
  2 fungi (D:5)
  95 toadstools
  8 withered plants (D:2)
114 creatures vanquished.

Grand Total: 407 creatures vanquished

Notes
Turn   | Place    | Note
-------+----------+-------------------------------------------
     0 | D:1      | Lanoc the Lignifite Demonspawn began the quest for the Orb.
     0 | D:1      | Reached XP level 1. HP: 12/12 MP: 4/4
    50 | D:1      | Gained mutation: When seriously injured, your rosin creates
                  | armour. (AC +12) [demonic ancestry]
    50 | D:1      | Reached XP level 2. HP: 18/19 MP: 6/6
   471 | D:1      | Reached skill level 3 in Whips & Flails
   471 | D:1      | Reached XP level 3. HP: 16/25 MP: 7/7
  1070 | D:2      | Reached XP level 4. HP: 13/30 MP: 6/8
  1118 | D:2      | Reached skill level 4 in Whips & Flails
  1123 | D:2      | Gained mutation: You are partially covered in thorns.
                  | [demonic ancestry]
  1123 | D:2      | Reached XP level 5. HP: 9/36 MP: 4/9
  1446 | D:2      | Gained mutation: You have a pair of small horns on your
                  | head. [demonic ancestry]
  1446 | D:2      | Reached XP level 6. HP: 37/42 MP: 5/10
  1482 | D:2      | Reached skill level 5 in Whips & Flails
  1885 | D:2      | Gained mutation: You have a pair of horns on your head.
                  | [demonic ancestry]
  1885 | D:2      | Reached XP level 7. HP: 47/47 MP: 8/11
  1991 | D:2      | Found a blossoming altar of Fedhas.
  1992 | D:2      | Found a sparkling altar of Nemelex Xobeh.
  1993 | D:2      | Found a shadowy altar of Dithmenos.
  1993 | D:2      | Found a burning altar of Makhleb.
  2007 | D:2      | Reached skill level 6 in Whips & Flails
  2016 | D:2      | Became a worshipper of Fedhas Madash
  2200 | D:2      | Found Ezuamyin's Armour Shoppe.
  2469 | D:2      | Found a shattered altar of Ashenzari.
  2609 | D:3      | Noticed Eustachio
  2640 | D:3      | Killed Eustachio
  2786 | D:3      | Found a runed translucent gate.
  2787 | D:3      | Found a runed translucent gate.
  2788 | D:3      | Noticed a wraith
  2790 | D:3      | Found a runed translucent gate.
  2790 | D:3      | Noticed a wraith
  2835 | D:3      | Reached * piety under Fedhas
  2958 | D:3      | Found a radiant altar of Vehumet.
  2979 | D:3      | Reached skill level 7 in Whips & Flails
  2979 | D:3      | Gained mutation: When seriously injured, your rosin creates
                  | thick armour. (AC +12) [demonic ancestry]
  2979 | D:3      | Reached XP level 8. HP: 51/61 MP: 12/12
  3024 | D:3      | Found a basalt altar of Yredelemnul.
  3075 | D:3      | Found a glowing golden altar of the Shining One.
  3187 | D:4      | Found a staircase to the Ecumenical Temple.
  3271 | Temple   | Entered the Ecumenical Temple
  3300 | D:4      | Found Odwi Cue's Food Emporium.
  3316 | D:4      | Reached skill level 5 in Dodging
  3364 | D:4      | Found Radiramaa's Gadget Shoppe.
  3455 | D:4      | Reached skill level 5 in Fighting
  3492 | D:4      | Noticed Grum
  3515 | D:4      | HP: 3/62 [war dog's spines[Grum] (5)]
  3515 | D:4      | HP: 1/62 [war dog[Grum] (3)]
  3521 | D:4      | Reached skill level 8 in Whips & Flails
  3536 | D:4      | Killed Grum
  3591 | D:4      | Noticed Psyche
  3599 | D:4      | Killed Psyche
  3599 | D:4      | Reached XP level 9. HP: 38/69 MP: 13/13
  3638 | D:4      | Reached skill level 9 in Whips & Flails
  3694 | D:4      | Found a hazy altar of Hepliaklqana.
  3768 | D:4      | Reached ** piety under Fedhas
  3882 | D:4      | Noticed Harold
  3901 | D:4      | HP: 1/69 [Harold/+0 glaive (21)]
  3908 | D:4      | Killed Harold
  4155 | D:5      | Entered Level 5 of the Dungeon
  4219 | D:5      | Reached skill level 10 in Whips & Flails
  4219 | D:5      | Reached skill level 5 in Invocations
  4366 | D:5      | Gained mutation: You have a pair of large horns on your
                  | head. [demonic ancestry]
  4366 | D:5      | Reached XP level 10. HP: 50/77 MP: 13/15
  4373 | D:5      | Noticed Pikel
  4383 | D:5      | Killed Pikel
  4466 | D:5      | Noticed a two-headed ogre
  4481 | D:5      | Killed a two-headed ogre
  4641 | D:5      | Reached skill level 11 in Whips & Flails
  4717 | D:5      | Found a staircase to the Lair.
  4740 | D:5      | Noticed Urug
  4763 | D:5      | HP: 3/79 [Urug/javelin (23)]
  4766 | D:4      | Reached *** piety under Fedhas
  4989 | D:5      | Killed Urug
  5169 | D:6      | Noticed a six-headed hydra
  5234 | D:6      | Noticed a five-headed hydra
  5397 | D:6      | Killed a six-headed hydra
  5397 | D:6      | Reached XP level 11. HP: 63/85 MP: 15/18
  5419 | D:6      | Found a blossoming altar of Fedhas.
  5438 | D:6      | Killed an unseen horror
  5587 | D:6      | Noticed a six-headed hydra
  5597 | D:6      | Killed a six-headed hydra
  5612 | D:6      | Reached **** piety under Fedhas
  5625 | D:6      | Found a staircase to the Orcish Mines.
  5861 | D:6      | Reached skill level 12 in Whips & Flails
  6060 | D:6      | Found Jeuguoc's Armour Emporium.
  6343 | D:6      | Found a stormy altar of Qazlal.
  6407 | D:6      | Killed a five-headed hydra
  6407 | D:6      | Reached skill level 1 in Armour
  6413 | D:6      | Noticed a green ugly thing
  6423 | D:6      | Killed a green ugly thing
  6612 | D:6      | Killed an unseen horror
  6632 | D:6      | Found a snail-covered altar of Cheibriados.
  6639 | D:6      | Noticed a two-headed ogre
  6651 | D:6      | Killed a two-headed ogre
  6895 | D:6      | Found a runed translucent door.
  7060 | D:6      | Reached skill level 10 in Invocations
  7073 | D:6      | Gained mutation: When seriously injured, your rosin creates
                  | very thick armour. (AC +12) [demonic ancestry]
  7073 | D:6      | Reached XP level 12. HP: 34/94 MP: 20/20
  7293 | D:7      | Found a runed translucent gate.
  7293 | D:7      | Found a runed translucent gate.
  7293 | D:7      | Found a runed translucent gate.
  7393 | D:7      | Reached skill level 13 in Whips & Flails
  7862 | D:7      | Reached ***** piety under Fedhas
  8018 | D:7      | Noticed a five-headed hydra
  8019 | D:7      | Noticed a vault guard
  8051 | D:7      | Killed a five-headed hydra
  8337 | D:7      | Noticed a vault guard
  8361 | D:7      | Killed a vault guard
  8474 | D:7      | Noticed a vault guard
  8522 | D:7      | Killed a vault guard
  8528 | D:7      | HP: 4/95 [vault guard/+3 great mace of protection (20)]
  8529 | D:7      | Shot with a bolt by a vault guard

Levels and vault maps discovered:
D:1:      erik_arrival_cave_to_civilisation [erik_arrival_cave_to_hall],
          layout_basic
D:2:      layout_sewer, kennysheep_mini,
          chequers_temple_overflow_statue_of_worship, serial_shops,
          nicolae_shop_stone
D:3:      miniossuary_kennysheep_ghosthouse, layout_twisted_cavern,
          kennysheep_little_box, tso_oasis_becter, first_ration, basic_altar,
          uniq_eustachio
D:4:      layout_cave_pods, lemuel_round_altar, minmay_temple_entry_wispy,
          serial_shops, shop, shop, serial_column_ruins,
          column_ruins_hut_ruined, column_ruins_hut,
          column_ruins_corridor_straight, column_ruins_open_small_water,
          column_ruins_columns_corner, uniq_psyche, uniq_harold, uniq_grum
D:5:      layout_loops_cross, grunt_lair_entry_orc_guard_hut, uniq_pikel,
          uniq_urug
D:6:      ossuary_the_hunt_dpeg, layout_long_grid, marbit_many_paths,
          lemuel_doored_altar, orc_david_3, grunt_pizzeria, fedhas_altar_1
D:7:      layout_big_octagon, kennysheep_mini_moat, erik_vaults_2, serial_shops,
          nicolae_shop_overgrown_old_shop, gammafunk_ghost_icy,
          lemuel_altar_in_water, minivault_23
Temple:   eino_wide_crystal_templ

Skill      XL: |  1  2  3  4  5  6  7  8  9 10 11 12 |
---------------+-------------------------------------+-----
Whips & Flails | 3 4 5 7 8 10 11 12 13 | 13.4
Dodging        | 3 4 5 6 7 8 |  8.7
Fighting       | 3 4 5 6 7 8 9 |  9.2
Invocations    | 5 8 10 | 10.9
Armour         | 2 3 |  3.1
Stealth        | |  1.7
Spellcasting   | |  2.1

Action                   |  1- 3 |  4- 6 |  7- 9 | 10-12 || total
-------------------------+-------+-------+-------+-------++-------
Melee: Flail             |   102 |    75 |    21 |       ||   198
       Unarmed           |    32 |       |    28 |       ||    60
       Whip              |    44 |    59 |   226 |   668 ||   997
       Headbutt          |       |     8 |    33 |   106 ||   147
 Cast: Flame Tongue      |     3 |    33 |    20 |       ||    56
Invok: Fungal Bloom      |       |       |     2 |    12 ||    14
       Evolution         |       |       |     1 |     6 ||     7
  Use: Potion            |       |       |     5 |       ||     5
 Stab: Sleeping          |     2 |     2 |     2 |     7 ||    13
       Confused          |       |       |       |     6 ||     6
       Distracted        |       |       |       |     2 ||     2
  Eat: Chunk             |       |     2 |     6 |     8 ||    16
       Ration            |       |       |       |     1 ||     1
Armor: Robe              |     9 |    11 |    16 |     7 ||    43
       Skin              |       |       |     1 |       ||     1
       Steam dragon scal |       |       |       |    28 ||    28
Dodge: Dodged            |   127 |   129 |    90 |   179 ||   525
Block: Other             |     4 |    10 |    20 |    50 ||    84
